Map: Ever Dream LE

Players

uwuThermal (uThermal) - Winner!

  • Race: Terran Terran
  • League: Grandmaster
  • Spawn Location: 7:00

AGOElazer (Elazer)

  • Race: Zerg Zerg
  • League: Master
  • Spawn Location: 1:00

VOD

https://www.youtube.com/watch?v=6xJUp8E37h0&t=580s

Description

Time

  • Played on: Aug. 27, 2020, 1:30 p.m.
  • Length: 10:45
Show
View Real Time Build Order
Export as new Build Order

uwuThermal Terran - Winner!

Build Orders: Hellion Opening 

Get SALT Encoding   

  12  0:00  SCV  
  13  0:12  SCV  
  14  0:17  Supply Depot  
  14  0:24  SCV  
  15  0:38  SCV  
  15  0:40  Barracks  
  16  0:43  Refinery  
  16  0:51  SCV  
  17  1:03  SCV  
  18  1:15  SCV  
  19  1:27  Orbital Command  
  19  1:29  Barracks Reactor  
  19  1:40  Command Center  
  19  1:52  Supply Depot  
  19  1:53  SCV  
  20  2:05  Marine x2, SCV  
  23  2:11  Factory  
  23  2:17  SCV  
  23  2:21  Refinery  
  24  2:23  Marine x2  
  24  2:29  SCV  
  27  2:41  Marine x2  
  27  2:42  SCV  
  30  2:51  Orbital Command  
  30  2:54  SCV  
  30  2:56  Starport  
  31  3:04  Hellion  
  33  3:07  Hellion  
  33  3:09  Marine  
  36  3:14  SCV  
  36  3:17  SCV  
  38  3:24  Supply Depot  
  38  3:25  Hellion  
  40  3:28  Hellion  
  40  3:32  Medivac  
  44  3:38  Fusion Core  
  44  3:39  SCV  
  45  3:41  SCV  
  45  3:46  Marine  
  47  3:50  Hellion  
  47  3:51  SCV  
  47  3:55  Hellion  
  51  4:01  SCV  
  52  4:04  Starport Tech Lab  
  52  4:06  SCV  
  52  4:07  Supply Depot  
  53  4:14  SCV  
  54  4:22  Command Center  
  54  4:29  SCV  
  55  4:37  Battlecruiser  
  61  4:42  SCV  
  62  4:59  Supply Depot  
  62  5:06  SCV x2  
  58  5:17  Barracks Tech Lab  
  58  5:18  SCV  
  58  5:19  SCV  
  54  5:21  Barracks  
  54  5:22  Barracks  
  54  5:23  Engineering Bay  
  54  5:24  Engineering Bay  
  54  5:27  Refinery  
  54  5:28  Factory Reactor  
  54  5:29  Barracks x2  
  54  5:30  SCV  
  54  5:31  SCV  
  56  5:35  Marine  
  56  5:36  Stimpack  
  56  5:37  Orbital Command  
  56  5:42  SCV  
  58  5:52  SCV  
  58  5:54  Battlecruiser  
  58  5:56  SCV  
  66  6:03  SCV  
  68  6:04  SCV  
  68  6:08  SCV  
  68  6:10  Refinery  
  69  6:15  Marine  
  69  6:16  SCV x2  
  69  6:17  Missile Turret  
  72  6:21  Missile Turret, Marine, SCV  
  72  6:25  Marine  
  69  6:26  Widow Mine x2  
  69  6:29  Missile Turret  
  69  6:30  Missile Turret, Marine  
  74  6:33  Marine x2  
  74  6:35  Marine  
  74  6:38  Marine  
  78  6:44  Terran Infantry Weapons Level 1, Terran Infantry Armor Level 1  
  78  6:45  Marine  
  77  6:48  Widow Mine, Marine  
  77  6:51  Marine  
  77  6:52  Marine  
  77  6:53  Marine  
  78  6:56  Marine  
  77  7:03  Marine  
  77  7:06  Marine  
  77  7:08  SCV  
  80  7:09  Marine  
  80  7:10  Marine  
  80  7:11  Marine  
  80  7:14  Marine  
  82  7:21  SCV  
  82  7:23  Orbital Command  
  82  7:26  SCV  
  82  7:27  Marine  
  82  7:29  Barracks Reactor x2, Widow Mine x2  
  82  7:30  Barracks Reactor  
  82  7:33  Starport Reactor, SCV  
  82  7:34  Missile Turret  
  82  7:36  Combat Shield  
  82  7:37  Marine x2  
  82  7:38  Missile Turret x2, SCV  
  82  7:43  Supply Depot  
  85  7:46  Marine, SCV  
  85  7:50  SCV x2  
  89  7:52  Widow Mine  
  89  7:55  Marine x2  
  92  7:58  SCV  
  92  8:01  Supply Depot x2  
  92  8:04  Widow Mine, Marine, SCV  
  92  8:05  Supply Depot  
  97  8:07  Marine  
  97  8:08  Marine x2  
  97  8:09  SCV  
  101  8:18  Supply Depot  
  101  8:22  Medivac x2, Factory, Marine x3, SCV  
  101  8:23  Marine  
  101  8:24  Widow Mine  
  101  8:26  Marine  
  113  8:32  Widow Mine, Marine  
  113  8:33  Armory  
  116  8:36  Marine  
  116  8:38  SCV  
  116  8:40  Marine  
  119  8:43  Missile Turret  
  119  8:45  Marine, SCV  
  119  8:47  Widow Mine  
  123  8:49  Marine  
  123  8:50  Marine x2  
  123  8:51  Missile Turret  
  123  8:54  Widow Mine  
  127  8:56  Marine  
  127  8:58  Medivac x2  
  127  9:00  Marine x2  
  133  9:06  Supply Depot x2  
  133  9:07  Refinery, Supply Depot  
  133  9:21  Supply Depot  
  133  9:23  Supply Depot  
  133  9:27  Marine x6  
  133  9:28  Widow Mine, Thor  
  147  9:34  Marine  
  147  9:36  Marine  
  149  9:39  Marine  
  149  9:42  Medivac  
  149  9:45  Marine x3  
  155  9:46  Marine  
  155  9:51  Widow Mine x2  
  160  9:53  Marine  
  160  9:54  Supply Depot  
  160  9:55  Marine  
  160  9:56  Marine  
  163  10:02  Marine x2  
  163  10:03  Medivac  
  163  10:06  Marine  
  168  10:08  Marine  
  168  10:09  Marine  
  168  10:12  Medivac  
  172  10:20  Widow Mine x2  
  172  10:21  Marine x2  
Show
View Real Time Build Order
Export as new Build Order

AGOElazer Zerg 

Build Orders: Hatch First, Muta Ling Bane 

Get SALT Encoding   

  12  0:00  Drone  
  13  0:12  Overlord  
  13  0:17  Drone  
  14  0:30  Drone x2  
  16  0:48  Hatchery  
  15  0:51  Drone  
  15  0:54  Drone  
  17  0:58  Drone  
  18  1:08  Extractor  
  17  1:13  Spawning Pool  
  17  1:16  Drone  
  17  1:19  Drone  
  18  1:28  Drone  
  19  1:38  Drone  
  20  1:49  Drone  
  21  2:00  Queen x2, Zergling x2  
  26  2:01  Overlord  
  26  2:11  Metabolic Boost, Drone, Zergling x2  
  28  2:21  Drone x2  
  30  2:32  Drone x2  
  30  2:36  Queen x2  
  36  2:42  Overlord  
  36  2:46  Overlord  
  36  3:01  Drone x2  
  36  3:04  Drone  
  36  3:05  Drone  
  40  3:07  Drone  
  40  3:09  Drone x5  
  46  3:16  Drone  
  46  3:17  Drone  
  48  3:25  Hatchery  
  47  3:30  Lair  
  47  3:32  Extractor  
  46  3:35  Drone x2  
  46  3:38  Drone  
  46  3:39  Drone  
  50  3:44  Overlord, Extractor  
  50  3:45  Drone, Extractor  
  50  3:46  Drone  
  50  3:48  Drone  
  51  3:51  Drone x2  
  51  3:57  Overlord  
  51  4:01  Drone  
  52  4:04  Queen  
  52  4:06  Baneling Nest  
  52  4:09  Zergling x4  
  55  4:13  Zergling x2  
  55  4:15  Drone x3  
  59  4:17  Drone  
  59  4:20  Drone  
  59  4:22  Zergling x4  
  63  4:27  Zergling x4  
  65  4:35  Spire  
  65  4:36  Zergling x2  
  65  4:38  Zergling x4  
  62  4:47  Zergling x8  
  62  4:52  Zergling x2  
  62  4:53  Zergling x2  
  62  4:58  Zergling x4  
  47  5:10  Drone x4  
  46  5:16  Drone x3  
  49  5:22  Drone x2  
  49  5:24  Drone  
  52  5:30  Drone  
  52  5:33  Overlord  
  53  5:48  Mutalisk x4  
  60  5:53  Mutalisk  
  61  6:03  Mutalisk  
  60  6:07  Drone  
  60  6:09  Drone  
  60  6:12  Drone x2  
  60  6:15  Drone  
  60  6:18  Drone x2  
  61  6:21  Drone  
  61  6:22  Drone  
  61  6:23  Drone  
  61  6:25  Drone  
  65  6:28  Drone  
  65  6:30  Drone  
  65  6:32  Drone  
  68  6:33  Drone  
  68  6:35  Drone  
  68  6:36  Drone  
  68  6:37  Drone  
  68  6:39  Drone  
  73  6:43  Mutalisk  
  75  6:55  Mutalisk  
  75  6:56  Mutalisk x2  
  81  7:06  Zergling x2  
  81  7:07  Zergling x8  
  78  7:15  Drone x3  
  76  7:18  Drone x3  
  76  7:21  Drone x3  
  80  7:30  Zerg Flyer Weapons Level 1  
  80  7:33  Queen  
  80  7:34  Overlord  
  80  7:37  Queen, Extractor x2  
  81  7:41  Overlord, Centrifical Hooks  
  81  7:44  Overlord  
  83  7:57  Zergling x2  
  81  7:59  Queen  
  81  8:01  Overlord  
  81  8:02  Mutalisk x3  
  81  8:04  Zergling x6  
  92  8:17  Mutalisk x2  
  92  8:24  Overlord  
  92  8:26  Mutalisk  
  88  8:28  Zergling x4  
  88  8:33  Zergling x2  
  91  8:38  Zergling x4  
  91  8:40  Overseer  
  91  8:41  Pneumatized Carapace  
  93  8:42  Zergling x2  
  93  8:45  Zergling x2  
  93  8:46  Zergling x4  
  97  8:48  Zergling x2  
  97  8:49  Zergling x6  
  97  8:52  Zergling x2  
  100  8:56  Zergling x2  
  100  8:59  Zergling x2  
  102  9:03  Zergling x2  
  102  9:05  Baneling  
  102  9:06  Baneling x13  
  102  9:07  Zergling x8  
  107  9:11  Zergling x2  
  107  9:16  Zergling x4  
  110  9:19  Mutalisk  
  110  9:22  Zergling x2  
  110  9:23  Overlord  
  113  9:28  Overlord  
  113  9:30  Baneling x8  
  113  9:42  Zergling x2  
  113  9:43  Zergling x16  
  113  9:44  Baneling x2  
  120  9:45  Baneling  
  120  9:50  Zergling x4  
  120  9:51  Zergling x2  
  123  9:59  Baneling x9  
  121  10:02  Zergling x4  
  123  10:08  Zergling x2  
  123  10:09  Zergling x4  
  123  10:11  Zergling x2  
  123  10:12  Zergling x2  
  123  10:13  Zergling x2  
  129  10:21  Baneling  
  129  10:22  Baneling x8  
Tags
 
Add a new tag
Caveats
  • Supply blocks, unpowered buildings, or Contaminate may cause inaccurate times.
  • Supply counts are checked every 10 seconds.